 Dungeon Crawl Stone Soup version 0.21-a0-404-g291f19a (webtiles) character file.

151 KristoblXynda the Ducker (level 5, 0/27 HPs)
             Began as a Spriggan Berserker on Oct 29, 2017.
             Was a Believer of Trog.
             Slain by a worm (4 damage)
             ... on level 4 of the Dungeon.
             The game lasted 00:04:35 (2929 turns).

KristoblXynda the Ducker (Spriggan Berserker)       Turns: 2929, Time: 00:04:36

Health: 0/27       AC:  3    Str: 13    XL:     5   Next: 10%
Magic:  6/6        EV: 21    Int: 10    God:    Trog [**....]
Gold:   161        SH:  0    Dex: 15    Spells: 4/4 levels left

rFire    . . .     SeeInvis +   a - +0 falchion
rCold    . . .     Gourm    .   (shield restricted)
rNeg     . . .     Faith    .   b - +0 animal skin
rPois    .         Spirit   .   (helmet restricted)
rElec    .         Reflect  .   o - +0 cloak
rCorr    .         Harm     .   (gloves unavailable)
MR       .....                  (boots unavailable)
Stlth    +.........             (no amulet)
HPRegen  0.09/turn              l - ring of wizardry
MPRegen  0.10/turn              (no ring)

@: slow
A: unfitting armour, see invisible, herbivore 3, speed 3, slow metabolism 2
a: Berserk, Trog's Hand, Burn Spellbooks, Renounce Religion


You were on level 4 of the Dungeon.
You worshipped Trog.
Trog was pleased with you.
You were not hungry.

You visited 1 branch of the dungeon, and saw 4 of its levels.

You collected 161 gold pieces.

Inventory:

Hand Weapons
 a - a +0 falchion (weapon)
Armour
 b - a +0 animal skin (worn)
 o - a +0 cloak (worn)
Jewellery
 l - a ring of wizardry (left hand)
Scrolls
 d - a scroll of amnesia
 f - a scroll of blinking {unknown}
 g - 3 scrolls of remove curse
 i - a scroll of noise {unknown}
 q - a scroll of teleportation
Potions
 h - a potion of degeneration {unknown}
 j - a potion of lignification {unknown}
 k - 2 potions of flight {unknown}
 n - a potion of magic
 p - a potion of ambrosia {unknown}
Comestibles
 c - 3 bread rations
 m - a royal jelly


   Skills:
 - Level 2.4 Fighting
 * Level 3.8 Long Blades
 + Level 5.6 Dodging
 + Level 3.6 Stealth


You had 4 spell levels left.
You didn't know any spells.

Dungeon Overview and Level Annotations

Branches:
Dungeon (4/15)
 Temple: D:4-7

Altars:


Innate Abilities, Weirdness & Mutations

You are very small and have problems with some larger weapons.
You are too small for most types of armour.
You have supernaturally acute eyesight. (SInv)
You are a herbivore.
You cover ground extremely quickly.
You need consume almost no food.


Message History

You slash the worm!
You kill the worm!
Trog accepts your kill.
Your unstable footing causes you to fumble your attack.
You hit the worm.
The worm is lightly wounded.
You slash the worm!
The worm is heavily wounded.
The worm closely misses you.
You hit the worm.
The worm is severely wounded.
Your unstable footing causes you to fumble your attack.
The worm completely misses you.
Your unstable footing causes you to fumble your attack.
The worm bites you.
* * * LOW HITPOINT WARNING * * *
Your unstable footing causes you to fumble your attack.
Your unstable footing causes you to fumble your attack.
The worm bites you.
You die...

****##** #.#,,,,.#
***≈*≈≈#∩* #.#,***##
*≈≈≈**≈#≈* #.#,*****
*≈*≈##≈*≈* #.#,,,,,,
*≈*≈#≈≈*≈# #.#######
*≈*≈#≈##≈# #>.......
*≈#≈#≈≈≈≈# #.#######
*≈#≈#≈#### #........
*≈#≈≈≈w@≈#######.#######
#########≈#s.............
#≈≈≈≈≈≈≈†≈#####.....#####
#≈≈#≈#≈########.....#
#.≈.≈≈≈≈≈.....#.....# *
#.....≈.......#.....# *
#.............#.....# *
##.#.#..##....#.....###**
#.....###....#........,,


You could see a worm.

Vanquished Creatures
  4 gnolls (D:3)
  3 adders
  6 worms
  4 dart slugs
  A leopard gecko (D:1)
  2 orcs (D:3)
  5 giant cockroaches (D:1)
  5 goblins
  4 hobgoblins
  6 jackals
  3 quokkas
  5 bats
  2 frilled lizards
  3 kobolds
  7 rats
60 creatures vanquished.

Notes
Turn   | Place    | Note
-------+----------+-------------------------------------------
     0 | D:1      | KristoblXynda the Spriggan Berserker began the quest for the Orb.
     0 | D:1      | Reached XP level 1. HP: 11/11 MP: 2/2
    63 | D:1      | Reached skill level 1 in Stealth
    63 | D:1      | Reached XP level 2. HP: 12/16 MP: 3/3
   570 | D:1      | Reached ** piety under Trog
   738 | D:2      | Reached XP level 3. HP: 8/19 MP: 4/4
  1117 | D:2      | Reached skill level 5 in Dodging
  1793 | D:3      | Reached XP level 4. HP: 4/23 MP: 5/5
  2716 | D:3      | Reached XP level 5. HP: 26/27 MP: 6/6
  2929 | D:4      | Slain by a worm

Vault maps used:
D:1:      lightli_arrival_isolated_outpost
D:2:      first_bread
D:4:      lightli_sewer_entry_pipes

Skill      XL: |  1  2  3  4 |
---------------+-------------+-----
Stealth        | 1 2 3 |  3.6
Long Blades    | 3 |  3.8
Dodging        | 5 |  5.6
Fighting       | |  2.4

Action                   |  1- 3 |  4- 6 || total
-------------------------+-------+-------++-------
Melee: Falchion          |   109 |    79 ||   188
Invok: Berserk           |     2 |     1 ||     3
       Trog's Hand       |     1 |       ||     1
  Use: Scroll            |     3 |     2 ||     5
 Stab: Sleeping          |     7 |     4 ||    11
  Eat: Bread ration      |       |     1 ||     1
Armor: Animal skin       |    12 |     7 ||    19
Dodge: Dodged            |   105 |    58 ||   163
       Rpst.: Falchion   |    32 |    25 ||    57

Table legend:
 A = Spawn XP
 B = Non-spawn XP
 C = Spawn XP percentage of total XP
 D = Spawn monster count
 E = Non-spawn monster count
 F = Spawn count percentage of total count
 G = Total turns spent on level
                    A         B        C        D         E        F      G
               +---------+---------+-------+---------+---------+-------+---------
         Total |       0 |     216 |   0.0 |       0 |      60 |   0.0 |  2929
               +---------+---------+-------+---------+---------+-------+---------
           D:1 |       0 |      36 |   0.0 |       0 |      20 |   0.0 |   703
           D:2 |       0 |      47 |   0.0 |       0 |      16 |   0.0 |  1034
           D:3 |       0 |     116 |   0.0 |       0 |      19 |   0.0 |  1087
           D:4 |       0 |      17 |   0.0 |       0 |       5 |   0.0 |   105
               +---------+---------+-------+---------+---------+-------+---------
